AoeStats
← bad to the bone

Glade

511134999Analyzed
1v1 RM · 3h ago on Oct 3, 2026· 22m 57s· 2 players
Game mode
Random Map
Map size
Tiny (2 player)
Population
200
Speed
Normal
Resources
Standard
Victory
Conquest
Starting age
Dark Age
Ending age
Imperial Age
RankedLock teamsTeams togetherTeam positionsShared explorationLock speedFull tech treeHidden civsTurbo modeCheats
Victory
Defeat
🇩🇪 Cumans · Germany
1024
+15
🇩🇪 Teutons · Germany
1000
-45
bad to the bone
4:34 Loom
17:59 Feudal Age
19:30 Man-at-Arms
20:01 Double-Bit Axe
20:09 Gold Mining
20:05 Horse Collar
21:42 Town Watch
AndoBroNatOr
6:38 Loom
9:08 Feudal Age
10:19 Double-Bit Axe
15:53 Horse Collar
18:20 Scale Barding Armor
19:07 Bloodlines
19:28 Forging
20:25 Gold Mining
23:34 Castle Age
Connection lost

Rejoining the realm…

Still unreachable

The connection could not be restored.

Session expired

The server has moved on; the page needs a fresh start.